Map: Backwater LE

Players

Trizztein

  • Race: Terran Terran
  • League: Diamond
  • Spawn Location: 5:00

SacDeFromage - Winner!

  • Race: Terran Terran
  • League: Master
  • Spawn Location: 11:00

VOD

Have the link to the VOD?

Description

Time

  • Played on: Jan. 29, 2018, 8:19 p.m.
  • Length: 9:43
Show
View Real Time Build Order
Export as new Build Order

Trizztein Terran 

Build Orders: Cyclone Opening, MMM Bio 

Get SALT Encoding   

  12  0:01  SCV  
  13  0:13  SCV  
  14  0:17  Supply Depot  
  14  0:25  SCV  
  15  0:30  Refinery  
  15  0:39  SCV  
  16  0:45  Barracks  
  16  0:51  SCV  
  17  1:03  SCV  
  18  1:15  SCV  
  19  1:32  Orbital Command, Reaper  
  20  1:53  Command Center  
  20  2:00  Factory  
  20  2:04  SCV  
  21  2:08  Refinery  
  21  2:09  Reaper  
  22  2:18  Supply Depot  
  22  2:27  SCV  
  23  2:39  SCV  
  24  2:46  Cyclone, Barracks  
  24  2:50  Barracks Reactor  
  27  2:51  SCV  
  28  3:03  SCV  
  29  3:16  SCV  
  29  3:18  Cyclone  
  33  3:23  Engineering Bay  
  33  3:26  Orbital Command  
  33  3:28  SCV  
  33  3:31  Marine x2  
  36  3:40  SCV  
  37  3:41  Barracks Tech Lab  
  37  3:47  Supply Depot  
  37  3:49  Marine x2  
  37  3:52  SCV  
  37  3:53  SCV  
  41  4:01  Marine  
  42  4:04  Factory Reactor  
  42  4:05  SCV  
  42  4:07  Starport, Marine  
  44  4:10  Stimpack  
  44  4:13  SCV  
  45  4:17  Terran Infantry Weapons Level 1  
  45  4:18  SCV  
  46  4:25  SCV  
  46  4:26  Missile Turret  
  46  4:30  SCV  
  48  4:31  Marine x2  
  48  4:37  SCV  
  51  4:38  Missile Turret  
  51  4:42  Supply Depot, SCV  
  52  4:46  Supply Depot  
  52  4:52  SCV  
  53  4:54  SCV  
  53  4:57  Factory Tech Lab  
  54  5:04  SCV  
  54  5:05  Medivac x2, Marine x3  
  54  5:06  SCV  
  52  5:16  SCV  
  52  5:19  SCV  
  45  5:28  SCV  
  38  5:29  Marine  
  38  5:31  SCV  
  38  5:35  Medivac  
  38  5:40  SCV  
  38  5:42  Marine  
  40  5:43  SCV  
  41  5:52  SCV, Marine x2  
  41  5:55  SCV  
  45  6:00  Siege Tank, Marine  
  49  6:04  SCV  
  49  6:08  SCV  
  49  6:10  Marine x2  
  53  6:16  SCV  
  53  6:17  Marine  
  55  6:19  Refinery x2  
  55  6:20  SCV  
  55  6:21  Combat Shields  
  56  6:28  SCV  
  55  6:33  SCV  
  51  6:41  SCV  
  51  6:42  Siege Tank  
  55  6:52  SCV  
  55  6:54  Marine x3, SCV  
  39  7:12  Marine x3  
  39  7:14  Siege Tank  
  30  7:26  SCV  
  30  7:28  SCV  
  32  7:30  Marine x3  
  35  7:38  SCV  
  36  7:48  Marine x3  
  36  7:49  SCV  
  36  7:50  SCV  
  41  8:01  SCV  
  41  8:05  Marine, SCV  
  43  8:06  Marine x2  
  46  8:13  SCV  
  46  8:17  SCV  
  48  8:23  Marine x3  
  48  8:26  SCV  
  52  8:29  SCV  
  53  8:38  SCV  
  52  8:41  Marine x3  
  41  8:50  SCV  
  41  8:51  SCV  
  42  8:59  Marine x3  
  45  9:03  SCV x2  
  47  9:15  SCV x2  
  49  9:17  Marine x3  
  49  9:18  Starport Tech Lab  
  52  9:27  SCV  
Show
View Real Time Build Order
Export as new Build Order

SacDeFromage Terran - Winner!

Build Orders: Reaper Expand, Mech 

Get SALT Encoding   

  12  0:01  SCV  
  13  0:13  SCV  
  14  0:18  Supply Depot  
  14  0:25  SCV  
  15  0:30  Refinery  
  15  0:40  SCV  
  16  0:46  Barracks  
  16  0:52  SCV  
  17  1:04  SCV  
  18  1:16  SCV  
  19  1:32  Orbital Command  
  19  1:33  Reaper  
  20  1:48  Command Center  
  20  1:59  SCV  
  21  2:02  Factory  
  21  2:07  Barracks Reactor  
  21  2:11  SCV  
  21  2:15  Supply Depot  
  22  2:28  SCV  
  22  2:32  Refinery  
  22  2:40  SCV  
  23  2:52  Hellion x2, SCV  
  23  2:55  Barracks Tech Lab  
  28  2:58  Starport  
  28  3:02  Orbital Command  
  28  3:04  SCV  
  29  3:13  Hellion  
  29  3:16  SCV  
  30  3:25  Hellion  
  32  3:28  SCV  
  32  3:29  SCV  
  34  3:37  Cyclone  
  34  3:41  SCV x2  
  39  3:49  Hellion, Viking  
  39  3:53  SCV  
  44  3:59  SCV  
  45  4:04  Refinery  
  45  4:05  Supply Depot, SCV  
  46  4:13  Supply Depot  
  46  4:26  Raven, SCV x2  
  46  4:27  Hellion x2  
  54  4:39  Command Center, SCV x2  
  54  4:45  Supply Depot  
  56  4:51  SCV x2  
  58  4:55  Hellion  
  58  4:56  Hellion  
  49  5:15  SCV x2  
  49  5:17  Hellion  
  53  5:23  Raven  
  53  5:24  Hellion  
  53  5:27  SCV  
  58  5:30  SCV  
  59  5:39  SCV  
  58  5:43  Hellion  
  58  5:44  SCV  
  58  5:49  Factory  
  61  5:50  Factory  
  61  5:51  SCV x2  
  61  5:54  Refinery  
  61  5:56  SCV  
  64  5:58  Cyclone  
  64  6:03  Armory, SCV  
  68  6:04  Armory  
  68  6:06  SCV  
  68  6:10  Raven  
  71  6:12  SCV  
  71  6:18  Orbital Command  
  72  6:22  Hellion  
  72  6:23  SCV  
  75  6:28  Supply Depot  
  75  6:35  Cyclone  
  75  6:37  Factory Tech Lab x2  
  78  6:42  SCV  
  78  6:43  SCV  
  78  6:51  Hellion  
  78  6:53  Raven  
  80  6:56  SCV x2  
  80  6:58  Supply Depot  
  78  7:07  Hellion  
  77  7:08  SCV  
  77  7:09  SCV  
  73  7:20  SCV  
  73  7:21  SCV x2  
  63  7:27  Terran Vehicle Weapons Level 1  
  63  7:28  Terran Vehicle And Ship Armor Level 1, Siege Tank  
  66  7:33  SCV x2  
  66  7:34  Refinery  
  69  7:37  SCV  
  69  7:40  Hellion x2, Supply Depot  
  73  7:49  SCV x2  
  73  7:51  Refinery  
  75  8:00  Hellion  
  75  8:01  Siege Tank  
  75  8:04  Hellion  
  75  8:05  Hellion, SCV x3  
  87  8:10  Factory  
  87  8:13  Command Center, Supply Depot  
  87  8:14  Supply Depot  
  87  8:16  Supply Depot  
  87  8:17  SCV  
  87  8:18  Raven  
  90  8:22  Hellion  
  90  8:25  Engineering Bay  
  90  8:26  Hellion  
  94  8:30  Supply Depot  
  94  8:31  Hellion  
  94  8:33  Siege Tank  
  100  8:34  SCV  
  97  8:46  SCV x2  
  99  8:50  Siege Tank  
  99  8:51  Supply Depot  
  99  8:52  SCV  
  99  8:55  Missile Turret  
  103  8:56  Sensor Tower  
  103  8:58  Missile Turret  
  103  9:01  SCV x2  
  105  9:04  SCV  
  105  9:05  Siege Tank, Supply Depot  
  105  9:09  Refinery x2  
  109  9:18  SCV x2  
  102  9:36  Factory Tech Lab  
Tags
 
Add a new tag
Caveats
  • Supply blocks, unpowered buildings, or Contaminate may cause inaccurate times.
  • Supply counts are checked every 10 seconds.